 Dungeon Crawl Stone Soup version 0.25.1-2-g60ff931df9 (webtiles) character file.

Game seed: 11620712836610705631

34 eccles the Conjurer (level 3, -1/39 HPs)
             Began as a Draconian Conjurer on Oct 6, 2020.
             Slain by a worker ant (3 damage)
             ... on level 1 of the Dungeon.
             The game lasted 00:07:04 (841 turns).

eccles the Conjurer (Draconian Conjurer)             Turns: 841, Time: 00:07:05

Health: -1/39      AC: 21    Str: 10    XL:     3   Next: 14%
Magic:  0/6        EV:  2    Int: 16    God:
Gold:   80         SH:  0    Dex: 11    Spells: 3/6 levels left

rFire    . . .     SeeInvis .   g - +0 dagger
rCold    . . .     Gourm    .   (no shield)
rNeg     + + +     Faith    .   (armour unavailable)
rPois    +         Spirit   .   (helmet currently unavailable)
rElec    .         Reflect  .   (cloak currently unavailable)
rCorr    .         Harm     .   (gloves currently unavailable)
MR       .....     NoTele   +   (boots currently unavailable)
Stlth    ++........             (no amulet)
HPRegen  0.13/turn              (no ring)
MPRegen  0.10/turn              (no ring)

@: lethally poisoned (-1 -> -3), tree-form
A: unfitting armour, AC +5
a: no special abilities


You were on level 1 of the Dungeon.
You were not hungry.
You were a tree.
You visited 1 branch of the dungeon, and saw 2 of its levels.

You collected 80 gold pieces.

Inventory:

Hand Weapons
 a - a +0 hunting sling
 g - a +0 dagger (weapon)
Missiles
 h - 61 stones (quivered)
 l - 6 poisoned darts
Armour
 i - a +1 pair of gloves
 j - a +0 pair of gloves
Scrolls
 c - a scroll of remove curse {unknown}
 e - 2 scrolls of teleportation {unknown}
 k - a scroll of enchant armour {unknown}
 m - a scroll of amnesia {unknown}
Potions
 f - 2 potions of lignification
Comestibles
 b - 2 rations
 d - 5 chunks of flesh


   Skills:
 * Level 0.1 Short Blades
 + Level 2.0 Dodging
 + Level 1.8 Stealth
 * Level 2.1 Spellcasting
 * Level 4.8 Conjurations


You had 3 spell levels left.
You knew the following spells:

 Your Spells              Type           Power        Failure   Level  Hunger
a - Magic Dart            Conj           ###.         2%          1    #......
b - Searing Ray           Conj           ###...       4%          2    ###....

Your spell library contained the following spells:

 Spells                   Type           Power        Failure   Level  Hunger
 Dazzling Flash           Conj/Hex       #.....       22%         3    ###....
 Fulminant Prism          Conj/Hex       #.........   58%         4    #####..
 Iskenderun's Mystic Bla  Conj/Tloc      #.......     58%         4    #####..


Dungeon Overview and Level Annotations

Branches:
Dungeon (2/15)

Altars:


Innate Abilities, Weirdness & Mutations

((Your plain brown scales are hard. (AC +5)))
You cannot fit into any form of body armour.
((You are cold-blooded and may be slowed by cold attacks.))


Message History

* * * LOW HITPOINT WARNING * * *
You feel sick. The worker ant barely misses you.
Casting: Magic Dart (safe; 2% risk of failure)
Confirm with . or Enter, or press ? or * to list all spells.
Aiming: Magic Dart (safe; 2% risk of failure)
Press: ? - help, Shift-Dir - straight line, f - worker ant
Aim: a worker ant (lightly wounded)
The magic dart hits the worker ant.
The worker ant is moderately wounded.
The worker ant bites you but does no damage.
Casting: Magic Dart (safe; 2% risk of failure)
Confirm with . or Enter, or press ? or * to list all spells.
Aiming: Magic Dart (safe; 2% risk of failure)
Press: ? - help, Shift-Dir - straight line, f/p - worker ant
Aim: a worker ant (moderately wounded)
The magic dart hits the worker ant.
The worker ant is moderately wounded.
The worker ant bites you but does no damage.
The worker ant bites you.
You die...

### #......#
#.#...............#.
#.######
#...######.....#####
#.#########..#
####### #.......#
#..# #..####.# #..#
#....)#.# #..#
##.##.#.# ##.#
#....#.####.#
###########....a♣#
#.......# ########
#.8.8...##
.........#
8........#
..###..#.#
..#h#..#.#
..#h#..#.#
..#k#..#.#


You could see a worker ant.

Vanquished Creatures
  An ooze (D:1)
  2 dart slugs (D:1)
  A giant cockroach (D:2)
  5 goblins (D:1)
  4 hobgoblins
  3 kobolds (D:1)
  A ball python (D:1)
  3 bats (D:1)
  4 frilled lizards
  A rat (D:1)
25 creatures vanquished.

Notes
Turn   | Place    | Note
-------+----------+-------------------------------------------
     0 | D:1      | eccles the Draconian Conjurer began the quest for the Orb.
     0 | D:1      | Reached XP level 1. HP: 14/14 MP: 3/3
     6 | D:1      | Noticed a polar bear
     6 | D:1      | Noticed a hog
     6 | D:1      | Noticed a swamp drake
     6 | D:1      | Noticed a swamp worm
   264 | D:1      | Reached XP level 2. HP: 20/20 MP: 3/5
   743 | D:1      | Learned a level 2 spell: Searing Ray
   745 | D:2      | Reached XP level 3. HP: 26/26 MP: 4/6
   841 | D:1      | Slain by a worker ant

Illustrated notes

Levels and vault maps discovered:
D:1:      onia_arrival_zoo_common, layout_basic, minmay_misc_feat_four_crosses
D:2:      layout_rooms, lemuel_doored_altar,
          chequers_temple_overflow_statue_of_worship

Skill      XL: |  1  2 |
---------------+-------+-----
Dodging        | 2 |  2.0
Short Blades   | |  0.1
Stealth        | |  1.8
Spellcasting   | |  2.1
Conjurations   | |  4.8

Action                   || total
-------------------------++-------
Melee: Dagger            ||    30
       Unarmed           ||     2
       Tailslap          ||     1
 Cast: Magic Dart        ||    52
  Use: Potion            ||     1
  Eat: Chunk             ||     1
Armor: Skin              ||    24
Dodge: Dodged            ||    20
